 Dungeon Crawl Stone Soup version 0.25.0-10-g039870ee82 (webtiles) character file.

Game seed: 11317205892549689991

704 Kold the Changer (level 7, -2/43 HPs)
             Began as an Octopode Transmuter on June 23, 2020.
             Was a Follower of Cheibriados.
             Killed from afar by an orc wizard (4 damage)
             ... with a puff of flame
             ... on level 5 of the Dungeon.
             The game lasted 00:07:18 (4419 turns).

Kold the Changer (Octopode Transmuter)              Turns: 4419, Time: 00:07:19

Health: -2/43      AC:  6    Str: 12    XL:     7   Next: 66%
Magic:  14/19      EV: 26    Int: 19    God:    Cheibriados [*.....]
Gold:   313        SH:  0    Dex: 25    Spells: 4/10 levels left

rFire    . . .     SeeInvis .     - Unarmed
rCold    . . .     Gourm    .   (shield currently unavailable)
rNeg     . . .     Faith    .   (helmet currently unavailable)
rPois    x         Spirit   .   y - amulet of regeneration
rElec    .         Reflect  .   i - +4 ring of protection
rCorr    .         Harm     .   n - +6 ring of dexterity
MR       .....                  z - +4 ring of evasion
Stlth    +.........             A - ring of magical power
HPRegen  0.54/turn              (no ring)
MPRegen  0.16/turn              (no ring)
                                (no ring)
                                (no ring)

@: confused, spider-form, very slow
A: tiny, almost no armour, stealthy swim, (amphibious), 8 rings, (constrict 8)
a: End Transformation, Bend Time, Renounce Religion


You were on level 5 of the Dungeon.
You worshipped Cheibriados.
Cheibriados was aware of your devotion.
You were not hungry.
You were a venomous arachnid creature.
You visited 2 branches of the dungeon, and saw 6 of its levels.

You collected 313 gold pieces.

Inventory:

Missiles
 a - 26 arrows
Jewellery
 i - a +4 ring of protection (left front leg)
 n - a +6 ring of dexterity (right front leg)
 u - an uncursed amulet of faith
 y - an amulet of regeneration (around neck)
 z - a +4 ring of evasion (on tentacle)
 A - a ring of magical power (on tentacle)
Wands
 l - a wand of flame (11)
Scrolls
 d - 8 scrolls of identify {unknown}
 f - 4 scrolls of teleportation {unknown}
 k - 2 scrolls of remove curse {unknown}
 q - 2 scrolls of magic mapping {unknown}
 s - a scroll of enchant weapon {unknown}
 t - a scroll of blinking {unknown}
 v - 2 scrolls of fear {unknown}
 w - a scroll of random uselessness {unknown}
 x - a scroll of immolation {unknown}
 B - a scroll of enchant armour {unknown}
Potions
 b - a potion of magic {unknown}
 e - a potion of cancellation
 g - a potion of stabbing {unknown}
 h - 2 potions of brilliance {unknown}
 j - a potion of mutation {unknown}
 m - a potion of curing
 o - a potion of heal wounds {unknown}
 p - a potion of flight {unknown}
 r - a potion of resistance {unknown}
Comestibles
 c - 10 rations


   Skills:
 - Level 1.0 Fighting
 + Level 3.3 Dodging
 - Level 2.0 Stealth
 + Level 5.3 Unarmed Combat
 - Level 2.0 Spellcasting
 * Level 5.7 Transmutations
 - Level 3.0 Poison Magic


You had 4 spell levels left.
You knew the following spells:

 Your Spells              Type           Power        Failure   Level  Hunger
a - Beastly Appendage     Tmut           ###...       7%          1    #......
b - Sticks to Snakes      Tmut           ###.....     10%         2    ###....
c - Spider Form           Tmut/Pois      ###.......   22%         3    ###....

Your spell library contained the following spells:

 Spells                   Type           Power        Failure   Level  Hunger
 Ice Form                 Ice/Tmut       ##......     67%         4    #####..
 Blade Hands              Tmut           ###.......   63%         5    ######.


Dungeon Overview and Level Annotations

Branches:
Dungeon (5/15)             Temple (1/1) D:4

Altars:
Ashenzari
Cheibriados
Fedhas
Kikubaaqudgha
Okawaru
Qazlal
Ru
Trog
Xom
Yredelemnul
The Shining One


Innate Abilities, Weirdness & Mutations

You cannot wear most types of armour.
You are very stealthy in the water. (Stealth+)
((You are amphibious.))
You can wear up to eight rings at the same time.
((You can use your tentacles to constrict eight enemies at once.))
((Your skin changes colour to match your surroundings (Stealth+).))
((Your rubbery body absorbs attacks. (AC +1, EV +1)))


Message History

Something hits you. The sky beast misses you.
You hit the sky beast.
The sky beast is almost dead.
You hit the sky beast.
You kill the sky beast!
Cheibriados appreciates the change of pace.
You hear some strange, mumbled words.
You are confused.
You bite something!
You hear some strange, mumbled words.
A magic dart appears from out of thin air!
The magic dart hits you!
* * * LOW HITPOINT WARNING * * *
A magic dart appears from out of thin air!
The magic dart hits you!
* * * LOW HITPOINT WARNING * * *
You hear some strange, mumbled words.
A puff of flame appears from out of thin air!
The puff of flame hits you.
You die...

#......#............
#......#............
#####......##+###'####+#
........................
........................
........)...............
......){≈...............
........†...............
.......s#############...
........# #... ........#
#... .....<..# #...
........# #... #########
####


There were no monsters in sight!

Vanquished Creatures
  An ice beast (D:5)
  A sky beast (D:5)
  A scorpion (D:4)
  A howler monkey (D:5)
  A crimson imp (D:5)
  2 hounds (D:4)
  2 orc priests (D:5)
  A bullfrog skeleton (D:5)
  Terence (D:2)
  2 worker ants (D:4)
  2 orc wizards
  A worker ant zombie (D:5)
  4 adders
  An ooze (D:2)
  A worm (D:3)
  A dart slug (D:2)
  3 leopard geckos
  14 orcs
  4 giant cockroaches
  5 goblins
  4 hobgoblins
  A quokka (D:2)
  8 bats
  6 frilled lizards
  A jackal zombie (D:5)
  6 kobolds
  A leopard gecko skeleton (D:4)
  A quokka zombie (D:5)
  15 rats
92 creatures vanquished.

Vanquished Creatures (collateral kills)
  An orc (D:5)
1 creature vanquished.

Grand Total: 93 creatures vanquished

Notes
Turn   | Place    | Note
-------+----------+-------------------------------------------
     0 | D:1      | Kold the Octopode Transmuter began the quest for the Orb.
     0 | D:1      | Reached XP level 1. HP: 13/13 MP: 3/3
     0 | D:1      | Noticed an ice dragon
     0 | D:1      | Noticed an ice dragon
     1 | D:1      | Noticed an orb of fire
     3 | D:1      | Noticed a large abomination
     3 | D:1      | Noticed an iron dragon
     6 | D:1      | Noticed an iron dragon
     8 | D:1      | Noticed a large abomination
    10 | D:1      | Noticed an ice dragon
    12 | D:1      | Noticed an ice dragon
    12 | D:1      | Noticed an iron dragon
    14 | D:1      | Noticed an orb of fire
    14 | D:1      | Noticed a large abomination
    16 | D:1      | Noticed a shadow dragon
    16 | D:1      | Noticed an ice dragon
   324 | D:1      | Reached skill level 1 in Stealth
   622 | D:1      | Reached XP level 2. HP: 9/18 MP: 3/5
  1345 | D:2      | Reached XP level 3. HP: 8/23 MP: 6/6
  1628 | D:2      | Noticed Terence
  1639 | D:2      | Learned a level 2 spell: Sticks to Snakes
  1643 | D:2      | Learned a level 3 spell: Spider Form
  1660 | D:2      | Killed Terence
  1660 | D:2      | Reached skill level 1 in Poison Magic
  1940 | D:2      | Reached XP level 4. HP: 28/28 MP: 7/7
  2866 | D:3      | Found a faded altar of an unknown god.
  3191 | D:4      | Reached XP level 5. HP: 27/33 MP: 6/8
  3418 | D:4      | Found a blossoming altar of Fedhas.
  3542 | D:4      | Reached XP level 6. HP: 38/38 MP: 9/9
  3807 | D:4      | Found a staircase to the Ecumenical Temple.
  3812 | Temple   | Entered the Ecumenical Temple
  3862 | Temple   | Became a worshipper of Cheibriados the Contemplative
  3955 | D:5      | Entered Level 5 of the Dungeon
  4143 | D:5      | Reached XP level 7. HP: 43/43 MP: 10/10
  4156 | D:5      | Reached skill level 5 in Unarmed Combat
  4156 | D:5      | Reached skill level 5 in Transmutations
  4215 | D:5      | Reached * piety under Cheibriados
  4410 | D:5      | HP: 1/43 [something (5)]
  4419 | D:5      | HP: 2/43 [something/magic dart (9)]
  4419 | D:5      | Killed from afar by an orc wizard

Illustrated notes

Levels and vault maps discovered:
D:1:      shiori_arrival_whats_in_store_for_you, layout_loops_corners,
          st_stairs_8, minmay_bisected
D:2:      layout_rooms, first_ration, st_stairs_10, corner_web_ring,
          uniq_terence
D:3:      layout_loops_ring, chequers_ecumenical_altar_island
D:4:      layout_cave_pools, fedhas_ov_isle_minmay,
          minmay_temple_entry_glassed_door
D:5:      layout_gridville
Temple:   minmay_crystal_snake_temple

Skill      XL: |  1  2  3  4  5  6  7 |
---------------+----------------------+-----
Stealth        | 1 2 |  2.0
Poison Magic   | 1 2 3 |  3.0
Transmutations | 3 4 5 |  5.7
Unarmed Combat | 4 5 |  5.3
Dodging        | 3 |  3.3
Fighting       | |  1.0
Spellcasting   | |  2.0

Action                   |  1- 3 |  4- 6 |  7- 9 || total
-------------------------+-------+-------+-------++-------
Melee: Unarmed           |    67 |   141 |    34 ||   242
       Constrict         |    18 |    40 |     2 ||    60
       Kick              |    17 |    21 |     9 ||    47
       Tentacles         |     6 |    24 |     5 ||    35
       Punch             |     1 |     6 |     1 ||     8
 Cast: Beastly Appendage |    10 |    17 |     4 ||    31
       Sticks to Snakes  |       |     1 |     1 ||     2
       Spider Form       |       |       |     2 ||     2
  Use: Potion            |       |       |     3 ||     3
 Stab: Sleeping          |     2 |    10 |       ||    12
  Eat: Chunk             |     1 |     6 |     1 ||     8
       Ration            |     1 |       |       ||     1
Armor: Skin              |    14 |    23 |    10 ||    47
Dodge: Dodged            |    56 |    82 |    37 ||   175
